 Dungeon Crawl Stone Soup version 0.27-a0-965-gbf8bb431c4 (webtiles) character file.

Game seed: 9555919908135421624

6 mhtbhm the Digger (level 1, 0/10 HPs)
             Began as a Gargoyle Earth Elementalist on Apr 12, 2021.
             Slain by a rat (2 damage)
             ... on level 1 of the Dungeon.
             The game lasted 00:01:18 (232 turns).

mhtbhm the Digger (Gargoyle Earth Elementalist)      Turns: 232, Time: 00:01:19

Health: 0/10       AC:  4    Str: 11    XL:     1   Next: 90%
Magic:  0/3        EV: 12    Int: 15    God:
Gold:   8          SH:  0    Dex: 10    Spells: 3/4 levels left

rFire    . . .     SeeInvis .   a - +0 club
rCold    . . .     Faith    .   (no shield)
rNeg     + . .     Spirit   .   c - +0 robe
rPois    ∞         Reflect  .   (no helmet)
rElec    +         Harm     .   (no cloak)
rCorr    .         Rampage  .   (no gloves)
Will     .....                  (no boots)
Stlth    ++........             (no amulet)
HPRegen  0.03/turn              (no ring)
MPRegen  0.08/turn              (no ring)

@: no status effects
A: AC +2, negative energy resistance 1, electricity resistance, torment
resistance 1, unbreathing 1, petrification resistance
a: no special abilities


You were on level 1 of the Dungeon.
You visited 1 branch of the dungeon, and saw 1 of its levels.

You collected 8 gold pieces.

Inventory:

Hand Weapons
 a - a +0 club (weapon)
Missiles
 b - 36 stones
Armour
 c - a +0 robe (worn)


   Skills:
 + Level 1.7 Dodging
 - Level 2.1 Stealth
 + Level 2.0 Spellcasting
 + Level 0.7 Transmutations
 + Level 4.1 Earth Magic


You had 3 spell levels left.
You knew the following spells:

 Your Spells              Type           Power      Damage    Failure   Level
a - Sandblast             Erth           26%        2d8       4%          1

Your spell library contained the following spells:

 Spells                   Type           Power      Damage    Failure   Level
 Passwall                 Tmut/Erth      6%         N/A       13%         2
 Stone Arrow              Conj/Erth      14%        3d7       28%         3
 Petrify                  Tmut/Erth      8%         N/A       63%         4
 Lee's Rapid Deconstruct  Erth           6%         3d7*      75%         5


Dungeon Overview and Level Annotations

Branches:
Dungeon (1/15)

Altars:


Innate Abilities, Weirdness & Mutations

Your stone body is resilient. (AC +2)
You are immune to poison.
You resist negative energy. (rN+)
You are resistant to electric shocks. (rElec)
You are resistant to unholy torment.
You can survive without breathing.
You are immune to petrification.


Message History

You hit the hobgoblin.
You kill the hobgoblin!
Unknown command.
You hit the endoplasm.
The endoplasm is heavily wounded.
The endoplasm closely misses you. The endoplasm freezes you.
You are frozen.
* * * LOW HITPOINT WARNING * * *
Unknown command.
You barely miss the endoplasm.
The endoplasm is heavily wounded.
The endoplasm freezes you.
You are frozen.
* * * LOW HITPOINT WARNING * * *
Unknown command.
You aren't carrying any potions.
Unknown command.
You aren't carrying any scrolls.
Unknown command.
You hit the endoplasm.
The endoplasm is almost dead.
The endoplasm hits you but does no damage.
The rat bites you but does no damage.
Unknown command.
You hit the endoplasm but do no damage.
The endoplasm is almost dead.
The endoplasm hits you but does no damage.
The rat closely misses you.
The endoplasm hits you but does no damage.
Unknown command.
Casting: Sandblast (safe; 4% risk of failure)
Confirm with . or Enter, or press ? or * to list all spells.
Aiming: Sandblast (safe; 4% risk of failure)
Press: ? - help, Shift-Dir - straight line, f - endoplasm
Aim: an endoplasm (almost dead, 2% to evade)
The blast of sand hits the endoplasm!
You kill the endoplasm!
The rat bites you.
You die...

#............# #.P≈≈...≈≈P.
#########'####.....# #...........
.............#.....###.....<.....
...........#+##..................
...................##..P≈≈...≈≈P.
..............####.##..≈≈≈≈.≈≈≈≈.
...............^_#.##..≈≈≈≈.≈≈≈≈.
.†............#### #..≈≈≈≈.≈≈≈≈.
...............†@# ##.≈≈≈≈.≈≈≈≈.
...............r.# #.≈≈≈≈.≈≈≈≈.
################## #.≈≈≈≈.≈≈≈≈.


You could see a rat.

Vanquished Creatures
  A bat (D:1)
  An endoplasm (D:1)
  A giant cockroach (D:1)
  A goblin (D:1)
  A hobgoblin (D:1)
  A rat (D:1)
6 creatures vanquished.

Notes
Turn   | Place    | Note
-------+----------+-------------------------------------------
     0 | D:1      | mhtbhm the Gargoyle Earth Elementalist began the quest for
                  | the Orb.
     0 | D:1      | Reached XP level 1. HP: 10/10 MP: 3/3
   214 | D:1      | Reached skill level 4 in Earth Magic
   219 | D:1      | Found a faded altar of an unknown god.
   232 | D:1      | Slain by a rat

Illustrated notes

Levels and vault maps discovered:
D:1:      giann_bridges, layout_basic, hellmonk_ecumenical_altar_leap_of_faith,
          minmay_heptomino_o4

Skill      XL: |  1 |
---------------+----+-----
Earth Magic    | 4 |  4.1
Dodging        | |  1.7
Stealth        | |  2.1
Spellcasting   | |  2.0
Transmutations | |  0.7

Action                   || total
-------------------------++-------
Melee: Unarmed           ||    10
       Club              ||     7
 Cast: Sandblast         ||     9
Armor: Robe              ||    14
Dodge: Dodged            ||    14

Table legend: (Time is in decaauts)
 A = Elapsed time spent in this place.
 B = Non-inter-level travel time spent in this place.
 C = Inter-level travel time spent in this place.
 D = Time resting spent in this place.
 E = Time spent auto-exploring this place.
 F = Levels seen in this place.
 G = Mean time per level.
                   A        B        C        D        E       F      G
               +--------+--------+--------+--------+--------+-----+--------+
         Total |    233 |    233 |      0 |    103 |     49 |   1 |  233.0 |
       Dungeon |    233 |    233 |      0 |    103 |     49 |   1 |  233.0 |
               +--------+--------+--------+--------+--------+-----+--------+

Top non-repeatable levels by time:
     D:1: 233 daAuts
